 Dungeon Crawl Stone Soup version 0.26-a0-639-g72c4674329 (webtiles) character file.

Game seed: 13963671181610107681

422 DogServant the Digger (level 6, 0/35 HPs)
             Began as a Gargoyle Earth Elementalist on Sept 15, 2020.
             Slain by Edmund
             ... wielding a +4 vorpal flail
              (7 damage)
             ... on level 4 of the Dungeon.
             The game lasted 00:10:11 (4696 turns).

DogServant the Digger (Gargoyle Earth Elementalist) Turns: 4696, Time: 00:10:12

Health: 0/35       AC:  8    Str: 12    XL:     6   Next: 95%
Magic:  0/12       EV: 12    Int: 17    God:
Gold:   263        SH:  0    Dex: 10    Spells: 5/14 levels left

rFire    . . .     SeeInvis .   m - +3 whip (pain)
rCold    . . .     Faith    .   (no shield)
rNeg     + . .     Spirit   .   c - +0 robe
rPois    ∞         Reflect  .   (no helmet)
rElec    +         Harm     .   (no cloak)
rCorr    .         Rampage  .   (no gloves)
MR       .....                  o - +1 pair of boots
Stlth    ++........             (no amulet)
HPRegen  0.11/turn              (no ring)
MPRegen  0.13/turn              (no ring)

@: no status effects
A: negative energy resistance 1, electricity resistance, unbreathing,
petrification resistance, rot immunity, AC +4
a: no special abilities


You were on level 4 of the Dungeon.
You visited 1 branch of the dungeon, and saw 4 of its levels.

You collected 263 gold pieces.

Inventory:

Hand Weapons
 k - a +1 dagger of speed
 m - a +3 whip of pain (weapon)
Missiles
 b - 93 stones (quivered)
Armour
 c - a +0 robe (worn)
 o - a +1 pair of boots (worn)
Wands
 q - a wand of flame (14)
Scrolls
 a - 2 scrolls of teleportation
 e - a scroll of remove curse
 g - 4 scrolls of identify
 i - 2 scrolls of enchant weapon
 j - a scroll of random uselessness {unknown}
Potions
 d - 3 potions of stabbing
 f - 4 potions of curing
 h - a potion of heal wounds {unknown}
 l - a potion of lignification
 n - a potion of haste


   Skills:
 - Level 2.1 Fighting
 - Level 1.6 Dodging
 - Level 2.2 Stealth
 + Level 4.5 Spellcasting
 + Level 0.0 Hexes
 - Level 0.7 Transmutations
 + Level 6.6 Earth Magic


You had 5 spell levels left.
You knew the following spells:

 Your Spells              Type           Power        Failure   Level
a - Sandblast             Erth           ####..       1%          1
b - Passwall              Tmut/Erth      ###.....     4%          2
c - Stone Arrow           Conj/Erth      ###...       12%         3
d - Dazzling Flash        Conj/Hex       #.....       41%         3

Your spell library contained the following spells:

 Spells                   Type           Power        Failure   Level
 Corona                   Hex            #......      16%         1
 Ensorcelled Hibernation  Hex/Ice        #.....       22%         2
 Lee's Rapid Deconstruct  Erth           ####......   26%         5
 Petrify                  Tmut/Erth      ###.....     32%         4
 Confusing Touch          Hex            #.......     41%         3
 Tukima's Dance           Hex            #.......     41%         3


Dungeon Overview and Level Annotations

Branches:
Dungeon (4/15)             Temple (0/1) D:4

Altars:
Xom

Annotations:
D:4 Edmund, Sigmund


Innate Abilities, Weirdness & Mutations

You are resistant to torment.
Your stone body is resilient. (AC +4)
You are immune to poison.
You resist negative energy. (rN+)
You are resistant to electric shocks. (rElec)
You can survive without breathing.
You are immune to petrification.
You are immune to rotting.


Message History

Found a staircase to the Ecumenical Temple.
A bullfrog comes into view.
A centaur comes into view.
The centaur shouts!
You hear a loud, deep croak!
The centaur wields a +0 shortbow.
The centaur shoots an arrow.
The arrow hits you.
* * * LOW HITPOINT WARNING * * *
Found 11 gold pieces.
Casting: Sandblast (safe; 1% risk of failure)
Confirm with . or Enter, or press ? or * to list all spells.
Aiming: Sandblast (safe; 1% risk of failure)
Press: ? - help, Shift-Dir - straight line, f/p - Edmund
Aim: Edmund, wielding a +4 vorpal flail and wearing a +0 chain mail (severely wounded)
The blast of sand hits Edmund.
Edmund is almost dead.
b - 93 stones You feel better.
The centaur shoots an arrow.
The arrow hits you.
* * * LOW HITPOINT WARNING * * *
Edmund hits you with a +4 vorpal flail!
You die...

......##........##..####.......#
......#.#..#....##....#..#....##
...........###..##......###.###
......................### .#
..............#.##.....## .#
........##......(.......## ..
...#.<.......#.#.....$.......
...#.........##).@..#...#....#
...#............@...#.⌠.#....
...........[##....###...# #..
#...#.....######.......... ..
#.#...##### #...⌠..>..⌠. ..##.##
##...c...F.. .<.### #.###...
#..# #.. .⌠. #### $. ..


You could see Edmund and a centaur.

Vanquished Creatures
  An ogre (D:3)
  A bullfrog (D:3)
  A centaur skeleton (D:4)
  2 orc wizards
  An iguana (D:4)
  4 gnolls (D:2)
  8 adders
  An adder skeleton (D:4)
  2 worms
  2 leopard geckos (D:3)
  2 orcs
  4 giant cockroaches (D:3)
  6 goblins
  A hobgoblin (D:1)
  7 jackals (D:3)
  2 bats
  A frilled lizard (D:2)
  5 kobolds
  6 rats
57 creatures vanquished.

Notes
Turn   | Place    | Note
-------+----------+-------------------------------------------
     0 | D:1      | DogServant the Gargoyle Earth Elementalist began the quest
                  | for the Orb.
     0 | D:1      | Reached XP level 1. HP: 10/10 MP: 3/3
   186 | D:1      | Found a shimmering altar of Xom.
   851 | D:1      | Reached skill level 4 in Earth Magic
   851 | D:1      | Reached XP level 2. HP: 15/15 MP: 3/5
  1232 | D:2      | Reached skill level 1 in Fighting
  1232 | D:2      | Reached XP level 3. HP: 20/20 MP: 3/6
  1416 | D:2      | Reached XP level 4. HP: 18/26 MP: 1/8
  2427 | D:3      | Reached skill level 5 in Earth Magic
  2432 | D:3      | Reached XP level 5. HP: 14/30 MP: 6/9
  2436 | D:3      | Learned a level 2 spell: Passwall
  2440 | D:3      | Learned a level 3 spell: Stone Arrow
  3408 | D:4      | Noticed an ogre
  3411 | D:4      | Noticed Sigmund
  3731 | D:3      | Killed an ogre
  3731 | D:3      | Reached XP level 6. HP: 25/35 MP: 6/12
  3760 | D:3      | Reached skill level 6 in Earth Magic
  3818 | D:3      | Learned a level 3 spell: Dazzling Flash
  4664 | D:4      | Noticed Edmund
  4690 | D:4      | Found a staircase to the Ecumenical Temple.
  4696 | D:4      | Slain by Edmund

Illustrated notes

Levels and vault maps discovered:
D:1:      scummos_arrival_checkerplants, layout_basic, serial_curves,
          eino_curves_04, eino_curves_02, xom_teletrap_fun
D:2:      layout_rooms
D:3:      minmay_inner_zag, layout_loops_corners, corexii_corridor_pit
D:4:      cheibrodos_quashed, layout_cave_pools,
          gammafunk_temple_overflow_statue, minmay_temple_entry_junction_2,
          uniq_sigmund, uniq_edmund

Skill      XL: |  1  2  3  4  5  6 |
---------------+-------------------+-----
Earth Magic    | 4 5 6 |  6.6
Fighting       | 1 2 |  2.1
Spellcasting   | 3 4 |  4.5
Dodging        | |  1.6
Stealth        | |  2.2
Transmutations | |  0.7

Action                   |  1- 3 |  4- 6 || total
-------------------------+-------+-------++-------
Melee: Unarmed           |    21 |       ||    21
       Dagger            |    10 |    55 ||    65
       Whip              |       |    91 ||    91
 Cast: Sandblast         |    28 |    55 ||    83
  Use: Scroll            |       |    12 ||    12
       Potion            |       |     1 ||     1
 Stab: Sleeping          |       |     3 ||     3
Armor: Robe              |    14 |    57 ||    71
Dodge: Dodged            |    42 |   129 ||   171

Table legend: (Time is in decaauts)
 A = Elapsed time spent in this place.
 B = Non-inter-level travel time spent in this place.
 C = Inter-level travel time spent in this place.
 D = Time resting spent in this place.
 E = Time spent auto-exploring this place.
 F = Levels seen in this place.
 G = Mean time per level.
                   A        B        C        D        E       F      G
               +--------+--------+--------+--------+--------+-----+--------+
         Total |   4689 |   4454 |    235 |    852 |   2869 |   4 | 1172.2 |
       Dungeon |   4689 |   4454 |    235 |    852 |   2869 |   4 | 1172.2 |
               +--------+--------+--------+--------+--------+-----+--------+

Top non-repeatable levels by time:
     D:3: 2153 daAuts
     D:1: 1230 daAuts
     D:2: 840 daAuts
     D:4: 465 daAuts
